 Dungeon Crawl Stone Soup version 0.32-a0-995-gb4a59205af (webtiles) character file.

Game seed: 4634471632649458051

27649 crux the Skirmisher (level 13, -26/88 HPs)
             Began as an Octopode Shapeshifter on Apr 17, 2024.
             Was the Champion of Cheibriados.
             Annihilated by an orc warlord
             ... wielding a +2 great mace of protection
              (43 damage)
             ... on level 2 of the Orcish Mines on Apr 23, 2024.
             The game lasted 01:26:28 (17891 turns).

crux the Skirmisher (Octopode Shapeshifter)        Turns: 17891, Time: 01:26:29

Health: -26/88     AC:  1    Str: 29    XL:     13   Next: 33%
Magic:  13/13      EV: 28    Int: 38    God:    Cheibriados [******]
Gold:   1547       SH:  6    Dex: 26    Spells: 12/12 levels left

rFire   . .          .
                       - Unarmed
rCold   . . .        J - +0 buckler
rNeg    . . .        (helmet currently unavailable)
rPois   .            (no amulet)
rElec   .            o - +5 ring of evasion
rCorr   .            I - +5 ring of evasion
SInv    .            K - +6 ring of intelligence
Will    .....        (no ring)
Stlth   ++++++       (no ring)
HPRegen 0.34/turn    (no ring)
MPRegen 0.13/turn    (no ring)
                     (no ring)

%: no passive effects
@: beast-form, very slow
A: beast (slay +3), almost no armour, amphibious, 8 rings, camouflage 1,
gelatinous body 1, (nimble swimmer 1), tentacles
a: Begin Untransformation, Renounce Religion, Bend Time, Temporal Distortion,
Slouch, Step From Time


You were on level 2 of the Orcish Mines.
You worshipped Cheibriados.
Cheibriados was exalted by your worship.
You were a hulking beast.
You visited 3 branches of the dungeon, and saw 13 of its levels.
You also visited: Bailey.

You collected 1547 gold pieces.

Inventory:

Hand Weapons
 a - the +4 sling "Mieborgh" {drain, rF+ Will+}
   (You found it on level 4 of the Dungeon)

   rF+:       It protects you from fire.
   Will+:     It increases your willpower.
Missiles
 f - 4 throwing nets
 n - 66 stones (quivered)
Armour
 p - an orb of wrath
 J - a +0 buckler (worn)
Magical Staves
 u - the staff "Giantslayer" {rPois Str+4 Alchemy}
   (You found it in a bailey)

   [staff of alchemy]

   Base accuracy: +5 Base damage: 5 Base attack delay: 1.2 This weapon's minimum
   attack delay (0.6) is reached at skill level 12.
   Str+4:     It affects your strength (+4).
   rPois:     It protects you from poison.
   Alchemy:   It increases the power of your Alchemy spells.
   It falls into the 'Staves' category.
   It is a one-tentacled weapon.
 z - a staff of alchemy
 N - a staff of conjuration
Jewellery
 o - a +5 ring of evasion (left tentacle)
 I - a +5 ring of evasion (right tentacle)
 K - a +6 ring of intelligence (on tentacle)
 M - a ring of flight
Talismans
 b - a beast talisman (active)
 c - a flux talisman
Wands
 d - a wand of mindburst (21)
 q - a wand of polymorph (10)
 r - a wand of charming (8)
 w - a wand of quicksilver (10)
 x - a wand of flame (6)
 E - a wand of warping (8)
Scrolls
 g - 4 scrolls of poison
 h - a scroll of enchant armour
 i - 2 scrolls of revelation
 j - a scroll of torment
 t - 3 scrolls of blinking
 y - 4 scrolls of teleportation {unknown}
 A - a scroll of acquirement {unknown}
 G - 2 scrolls of vulnerability {unknown}
 L - a scroll of fear {unknown}
Potions
 e - a potion of degeneration
 k - a potion of curing
 l - a potion of attraction
 m - 6 potions of lignification
 s - 2 potions of brilliance
 v - a potion of enlightenment
 B - 2 potions of mutation
 C - 2 potions of heal wounds
 D - a potion of resistance
 F - a potion of ambrosia
 H - 2 potions of berserk rage


   Skills:
 + Level 8.2 Fighting
 + Level 12.9 Ranged Weapons
 + Level 0.5 Throwing
 + Level 6.7 Dodging
 + Level 8.2 Stealth
 + Level 2.4 Shields
 + Level 12.4 Unarmed Combat
 + Level 0.3 Evocations
 + Level 6.6 Shapeshifting


You had 12 spell levels left.
You didn't know any spells.
Your spell library contained the following spells:

 Spells                   Type           Power      Damage    Failure   Level
 Necrotise                Necr           0%         1d4       6%          1
 Sandblast                Erth           0%         2d4       6%          1
 Passwall                 Erth           0%         N/A       19%         3
 Sigil of Binding         Hex            0%         N/A       19%         3
 Stone Arrow              Conj/Erth      0%         3d7       19%         3
 Vampiric Draining        Necr           0%         2d6       19%         3
 Anguish                  Hex/Necr       0%         N/A       54%         4
 Cause Fear               Hex            0%         N/A       54%         4
 Martyr's Knell           Necr/Summ      0%         N/A       54%         4
 Curse of Agony           Necr           0%         N/A       87%         5
 Enfeeble                 Hex            0%         N/A       100%        7
 Seismic Cannonade        Alch/Erth      0%         6d4       100%        7
 Lehudib's Crystal Spear  Conj/Erth      0%         10d2      100%        8
 Animate Armour           Summ/Erth      Unusable   N/A       N/A         4

Dungeon Overview and Level Annotations

Branches:
Dungeon (10/15)            Temple (1/1) D:5            Lair (0/5) D:8
    Orc (2/2) D:10            Elf (0/3) Orc:2        Bailey (visited)

Altars:
Ashenzari
Cheibriados
Dithmenos
Elyvilon
Fedhas
Gozag
Hepliaklqana
Kikubaaqudgha
Makhleb
Nemelex Xobeh
Okawaru
Qazlal
Ru
Sif Muna
Trog
Uskayaw
Vehumet
Wu Jian
Xom
Yredelemnul
Zin
The Shining One
Beogh

Shops:
D:6 *   Orc:1 [   Orc:2 :(


Innate Abilities, Weirdness & Mutations

You are a hulking beast.
Your limbs bulge with bestial killing power. (Slay +3)
You cannot wear most types of armour.
You are amphibious.
You can wear up to eight rings at the same time.
Your skin changes colour to match your surroundings (Stealth+).
Your rubbery body absorbs attacks. (AC +1, EV +1)
((You are camouflaged when in or above water. (Stealth+)))
You have tentacles for arms and can constrict up to eight enemies at once.


Message History

The sling bullet hits the orc warrior but does no damage.
You drain the orc warrior.
The orc warrior is heavily wounded.
The orc warrior closely misses you.
You shoot a sling bullet.
The sling bullet hits the orc warrior but does no damage.
The orc warrior is heavily wounded.
The orc warrior closely misses you.
You are now empty-tentacled.
You tentacle-slap the orc warrior. You grab the orc warrior.
You squeeze the orc warrior!
The orc warrior is severely wounded.
You constrict the orc warrior.
The orc warrior hits you with a +0 short sword!
You batter the orc warrior!!
You kill the orc warrior!
Cheibriados appreciates the change of pace.
The orc priest no longer looks unusually strong.
You bludgeon the orc priest! You grab the orc priest.
The orc priest is heavily wounded.
You constrict the orc priest! The orc priest completely misses you.
You bludgeon the orc priest!
You kill the orc priest!
Cheibriados appreciates the change of pace.
You tentacle-slap the orc warlord but do no damage.
You grab the orc warlord.
You squeeze the orc warlord, but do no damage.
You constrict the orc warlord.
You tentacle-slap the orc warlord but do no damage.
You tentacle-slap the orc warlord.
The orc warlord is lightly wounded.
You constrict the orc warlord.
The orc warlord hits you with a +2 great mace of protection!!
* * * LOW HITPOINT WARNING * * *
You batter the orc warlord!!
The orc warlord is lightly wounded.
You constrict the orc warlord.
The orc warlord hits you with a +2 great mace of protection!!!
You die...
Cheibriados appreciates the motionlessness of death.

.....ß.ß...). # #.........# #.
..##..)....##... .......)........
......ß.ß....... ###.....)...###
###########)#########
#....#...##o##..)#..
####'##.#...##h##...#.# ##
###.#.†[#.##'###.###'##.# ##~
#..##...#.......[[[#..^.# ##P~
..#######....##'##.#....#### #...
..# #..#....#...#[#..).#..##.#..
#.# #).'....#...#......'..# ##.)
..## #..####.#####.####.#..###.).
...# ####..........#..#.#####.)..
...######)####.....#..'.####.....


You could see an orc warlord.

Vanquished Creatures
  2 orc warlords
  Harold (D:10)
  4 two-headed ogres
  2 obsidian bats (Orc:2)
  7 orc knights
  4 orc sorcerers (Orc:2)
  2 cyclopes
  5 kobold blastminers (Orc:2)
  Jeremiah (D:7)
  Maggie (D:10)
  A kobold demonologist (D:9)
  A komodo dragon (D:8)
  4 trolls
  Prince Ribbit (D:9)
  Grinder (D:5)
  Sigmund (D:3)
  2 wyverns
  2 wargs (Orc:2)
  9 yaks
  4 vampire mosquitoes (D:10)
  3 steam dragons
  Edmund (D:4)
  Menkaure (D:5)
  3 water moccasins (D:7)
  Duvessa (D:7)
  An ice beast (shapeshifter) (D:8)
  An ice beast (D:7)
  43 orc warriors
  12 ogres
  2 black bears
  3 centaurs
  4 bullfrogs
  A weeping skull (D:3)
  3 scorpions
  A gnoll sergeant (D:6)
  14 wights
  Dowan (D:7)
  13 killer bees
  4 howler monkeys
  2 bombardier beetles (D:5)
  2 jellies
  23 orc priests
  Natasha (thrice) (D:4)
  Ijyb (D:5)
  5 iguanas
  17 orc wizards
  5 adders
  4 gnolls (D:6)
  2 shadow imps
  A white imp (D:6)
  4 ufetubi
  2 ribbon worms
  2 dart slugs
  104 orcs
  5 endoplasms
  7 giant cockroaches
  7 goblins
  3 hobgoblins
  A quokka (D:1)
  7 ball pythons
  5 bats
  A frilled lizard (D:3)
  3 goblin skeletons (D:5)
  A goblin zombie (D:5)
  2 hobgoblin zombies (D:5)
  7 kobolds
  2 kobold skeletons (D:5)
  A kobold zombie (D:5)
  An orc skeleton (D:5)
  2 orc zombies (D:5)
  3 rats
  A spectral orc (D:3)
403 creatures vanquished.

Notes
Turn   | Place    | Note
-------+----------+-------------------------------------------
     0 | D:1      | crux the Octopode Shapeshifter began the quest for the Orb.
     0 | D:1      | Reached XP level 1. HP: 13/13 MP: 1/1
   222 | D:2      | Reached skill level 1 in Stealth
   222 | D:2      | Reached XP level 2. HP: 18/18 MP: 2/2
   779 | D:3      | Found a faded altar of an unknown god.
  1085 | D:2      | Reached XP level 3. HP: 20/23 MP: 3/3
  1119 | D:3      | Noticed Sigmund
  1121 | D:3      | Killed Sigmund
  1122 | D:3      | Reached XP level 4. HP: 28/28 MP: 4/4
  1122 | D:3      | Reached XP level 5. HP: 33/33 MP: 5/5
  2213 | D:4      | Reached XP level 6. HP: 32/38 MP: 6/6
  2499 | D:4      | Reached skill level 5 in Unarmed Combat
  2563 | D:4      | Reached skill level 5 in Stealth
  2709 | D:4      | Noticed Natasha
  2718 | D:4      | Killed Natasha
  2719 | D:4      | Reached XP level 7. HP: 30/43 MP: 7/7
  2775 | D:4      | Identified the +4 sling "Mieborgh" {drain, rF+ Will+}
  2775 | D:4      | Noticed Natasha
  2805 | D:4      | Killed Natasha
  2819 | D:4      | Noticed Natasha
  2832 | D:4      | Killed Natasha
  2872 | D:4      | Noticed Edmund
  2922 | D:4      | Killed Edmund
  3208 | D:5      | Entered Level 5 of the Dungeon
  3324 | D:3      | Found a broken altar of Ashenzari.
  3662 | D:3      | Reached skill level 1 in Ranged Weapons
  3687 | D:3      | Found a basalt altar of Yredelemnul.
  3870 | D:5      | Reached XP level 8. HP: 38/50 MP: 8/8
  4116 | D:5      | Found a hazy altar of Hepliaklqana.
  4222 | D:5      | Noticed Menkaure
  4233 | D:5      | Killed Menkaure
  4237 | D:5      | Found a glowing golden altar of the Shining One.
  4324 | D:5      | Noticed Ijyb
  4325 | D:5      | Found a staircase to the Ecumenical Temple.
  4334 | D:5      | Killed Ijyb
  4347 | Temple   | Entered the Ecumenical Temple
  4438 | Temple   | Became a worshipper of Cheibriados the Contemplative
  4490 | D:5      | Noticed Grinder
  4499 | D:5      | Killed Grinder
  4881 | D:5      | Upgraded the game from 0.32-a0-953-g508020473e to
                  | 0.32-a0-995-gb4a59205af
  4956 | D:6      | Reached XP level 9. HP: 55/55 MP: 9/9
  4972 | D:6      | Noticed a cyclops
  5052 | D:6      | Reached skill level 5 in Ranged Weapons
  5544 | D:6      | Found an opulent altar of Gozag.
  5676 | D:6      | Reached * piety under Cheibriados
  5677 | D:6      | Found Gozag's Platinum Reserve.
  5738 | D:7      | Found a flagged portal.
  5750 | Bailey   | Entered a bailey
  5965 | Bailey   | Reached ** piety under Cheibriados
  6452 | Bailey   | Identified the +9 plate armour of Baona {rPois Str-5
                  | Stlth+}
  6665 | Bailey   | Identified the +1 helmet of Dithmenos's Vengeance {rN+
                  | Dex-3 SInv}
  6666 | Bailey   | Identified the staff "Giantslayer" {rPois Str+4 Alchemy}
  6682 | Bailey   | Noticed an orc knight
  6729 | Bailey   | Killed an orc knight
  6730 | Bailey   | Reached XP level 10. HP: 49/64 MP: 10/10
  6904 | D:7      | Noticed Jeremiah
  6922 | D:7      | Killed Jeremiah
  7485 | D:7      | Noticed Duvessa
  7485 | D:7      | Noticed Dowan
  7499 | D:7      | Killed Duvessa
  7514 | D:7      | Killed Dowan
  7859 | D:8      | Found a staircase to the Lair.
  8058 | D:8      | Noticed a two-headed ogre
  8071 | D:8      | Reached *** piety under Cheibriados
  8441 | D:8      | Killed a two-headed ogre
  8442 | D:8      | Reached skill level 5 in Shapeshifting
  9247 | D:9      | Reached skill level 5 in Fighting
  9264 | D:9      | Reached skill level 5 in Dodging
  9337 | D:9      | Noticed Prince Ribbit
  9343 | D:9      | Killed Prince Ribbit
  9344 | D:9      | Reached XP level 11. HP: 71/71 MP: 11/11
  9796 | D:9      | Reached **** piety under Cheibriados
 10928 | D:6      | Killed a cyclops
 11048 | D:10     | Entered Level 10 of the Dungeon
 11140 | D:10     | Reached skill level 10 in Unarmed Combat
 11198 | D:10     | Found a faded altar of an unknown god.
 11198 | D:10     | Found a shimmering altar of Xom.
 11206 | D:10     | Found a shimmering blue altar of Sif Muna.
 11208 | D:10     | Found a bloodstained altar of Trog.
 11210 | D:10     | Found a hide-covered altar of Uskayaw.
 11267 | D:10     | Found a staircase to the Orcish Mines.
 11353 | D:10     | Reached skill level 10 in Ranged Weapons
 11467 | D:10     | Reached ***** piety under Cheibriados
 11512 | D:10     | Noticed Harold
 11536 | D:10     | Noticed Maggie
 11670 | D:10     | Killed Maggie
 12388 | D:10     | Killed Harold
 12661 | Orc:1    | Entered Level 1 of the Orcish Mines
 13037 | Orc:1    | Noticed an orc knight
 13048 | Orc:1    | Killed an orc knight
 13049 | Orc:1    | Reached skill level 1 in Shields
 13169 | Orc:1    | Noticed an orc warlord
 13185 | Orc:1    | Killed an orc warlord
 13186 | Orc:1    | Reached XP level 12. HP: 22/80 MP: 12/12
 13612 | Orc:2    | Entered Level 2 of the Orcish Mines
 13762 | Orc:2    | Noticed a two-headed ogre
 13771 | Orc:2    | Killed a two-headed ogre
 14291 | Orc:1    | Found Men Feba's Antique Armour Boutique.
 14375 | Orc:1    | Reached ****** piety under Cheibriados
 15005 | Orc:2    | Found Veal's Book Shop.
 15016 | Orc:2    | Found Tunuit's Antique Weapon Boutique.
 15023 | Orc:2    | Noticed an orc warlord
 15441 | Orc:2    | Killed an orc warlord
 15647 | Orc:2    | Found a roughly hewn altar of Beogh.
 16284 | Orc:2    | Noticed a two-headed ogre
 16292 | Orc:2    | Killed a two-headed ogre
 16293 | Orc:2    | Reached XP level 13. HP: 88/88 MP: 13/13
 17522 | Orc:2    | Found a staircase to the Elven Halls.
 17869 | Orc:2    | Noticed an orc warlord
 17891 | Orc:2    | Annihilated by an orc warlord

Illustrated notes

Levels and vault maps discovered:
D:1:      minmay_arrival_semitransparent, layout_basic
D:2:      layout_basic
D:3:      layout_basic, yredelemnul_forgotten_temple_becter,
          general_overflow_altar, shapermc_ecumenical_altar_mp_urbaneastern,
          uniq_sigmund
D:4:      layout_rooms, uniq_natasha, uniq_edmund
D:5:      layout_loops_ring, nzn_hepliaklqana_mist_gate,
          nicolae_tso_besieged_by_evil, temple_hall, uniq_menkaure,
          uniq_grinder, uniq_ijyb
D:6:      layout_rooms, nicolae_gozag_zags_fifth_avenue
D:7:      layout_gridville, enter_bailey_5, uniq_duvessa, uniq_jeremiah
D:8:      layout_basic, dpeg_oklobed_lair, minmay_three_doors
D:9:      layout_stronghold, kennysheep_generic_room_9, uniq_prince_ribbit1
D:10:     layout_basic, chequers_temple_overflow_minitemple, orc_0_dummy,
          kennysheep_pointless_box, uniq_maggie, uniq_harold
Temple:   nicolae_temple_god_jail
Orc:1:    cheibrodos_orc_arena, layout_caves, serial_shops,
          nicolae_shop_rolling_square
Orc:2:    pubby_orc_utopia

Skill      XL: |  1  2  3  4  5  6  7  8  9 10 11 12 13 |
---------------+----------------------------------------+-----
Stealth        | 1 3 5 6 7 8 |  8.2
Unarmed Combat | 4 5 6 7 8 9 10 11 12 | 12.4
Shapeshifting  | 4 5 6 |  6.6
Dodging        | 3 5 6 |  6.7
Ranged Weapons | 2 4 7 9 10 12 | 12.9
Fighting       | 2 4 5 6 7 8 |  8.2
Shields        | 1 2 |  2.4
Throwing       | |  0.5
Evocations     | |  0.3

Action                     |  1- 3 |  4- 6 |  7- 9 | 10-12 | 13-15 || total
---------------------------+-------+-------+-------+-------+-------++-------
  Melee: Unarmed           |    38 |    53 |   147 |   329 |    69 ||   636
         Constrict         |     9 |    12 |    44 |    76 |    18 ||   159
         Tentacles         |     8 |    10 |    37 |    97 |    19 ||   171
         Punch             |       |       |    10 |    32 |     6 ||    48
   Fire: Sling             |       |       |   188 |   380 |    90 ||   658
  Throw: Stone             |       |       |     1 |    10 |       ||    11
  Evoke: Wand              |     2 |       |       |       |       ||     2
    Use: Scroll            |       |     4 |     5 |     6 |       ||    15
         Potion            |       |       |     1 |     2 |       ||     3
   Stab: Sleeping          |     7 |     7 |     3 |     1 |       ||    18
         Distracted        |       |       |     1 |     2 |     1 ||     4
 Armour: Skin              |    10 |    15 |    59 |   107 |    17 ||   208
  Dodge: Dodged            |    20 |    29 |   119 |   313 |    65 ||   546
  Block: Buckler           |       |       |       |    58 |    12 ||    70

Table legend: (Time is in decaauts)
 A = Elapsed time spent in this place.
 B = Non-inter-level travel time spent in this place.
 C = Inter-level travel time spent in this place.
 D = Time resting spent in this place.
 E = Time spent auto-exploring this place.
 F = Levels seen in this place.
 G = Mean time per level.
                   A        B        C        D        E       F      G
               +--------+--------+--------+--------+--------+-----+--------+
         Total |  21954 |  20994 |    960 |   5528 |   9636 |  14 | 1568.1 |
       Dungeon |  13912 |  12992 |    920 |   2283 |   8001 |  10 | 1391.2 |
        Temple |    102 |     82 |     20 |      0 |     80 |   1 |  102.0 |
  Orcish Mines |   6685 |   6665 |     20 |   2758 |   1534 |   2 | 3342.5 |
        Bailey |   1253 |   1253 |      0 |    486 |     20 |   1 | 1253.0 |
               +--------+--------+--------+--------+--------+-----+--------+

Top non-repeatable levels by time:
   Orc:2: 4948 daAuts
    D:10: 2421 daAuts
     D:9: 2013 daAuts
     D:8: 1902 daAuts
   Orc:1: 1737 daAuts
     D:7: 1398 daAuts
     D:5: 1384 daAuts
  Bailey: 1253 daAuts
     D:3: 1103 daAuts
     D:4: 1041 daAuts
     D:2: 1009 daAuts
     D:6: 968 daAuts
     D:1: 669 daAuts
  Temple: 102 daAuts
